 Dungeon Crawl Stone Soup version 0.17-a0-1647-gb11a595 (console) character file.

810 Monkaria the Destroyer (level 7, 0/54 HPs)
             Began as a Deep Elf Conjurer on Aug 12, 2015.
             Succumbed to an orc wizard's poison
             ... on level 5 of the Dungeon.
             The game lasted 00:07:06 (4190 turns).

Monkaria the Destroyer (Deep Elf Conjurer)          Turns: 4190, Time: 00:07:06

Health: 0/54       AC: 23    Str:  5    XL:     7   Next: 61%
Magic:  3/18       EV:  2    Int: 22    God:
Gold:   160        SH:  0    Dex: 15    Spells: 5 memorised, 4 levels left

rFire  + . .     SeeInvis .     (no weapon)
rCold  + . .     Clarity  +     (armour currently unavailable)
rNeg   + + +     SustAt   .     (no shield)
rPois  +         Gourm    .     (helmet currently unavailable)
rElec  +         Spirit   .     (cloak currently unavailable)
rCorr  +         Warding  .     (gloves currently unavailable)
rMut   .         NoTele   +     (boots currently unavailable)
MR     .....                    u - amulet of faith
Stlth  +++.......               (no ring)
                                p - +3 ring of slaying

@: lethally poisoned (0 -> -7), tree-form, resistant, very slightly
contaminated, invisible, not resistant to hostile enchantments, fairly stealthy
A: berserk 1, clarity, wild magic 1
a: no special abilities


You were on level 5 of the Dungeon.
You were hungry.
You were a tree.
You visited 1 branch of the dungeon, and saw 5 of its levels.

You collected 160 gold pieces.

Inventory:

Missiles
 C - 15 poisoned needles
Armour
 a - a +0 robe (melded)
 D - a +0 helmet (melded)
Jewellery
 p - a +3 ring of slaying (left branch)
 t - an uncursed amulet of regeneration
 u - an amulet of faith (around neck)
Magical devices
 f - a wand of cold (0)
Scrolls
 d - 4 scrolls of identify {unknown}
 e - 3 scrolls of remove curse
 h - 5 scrolls of teleportation {unknown}
 i - 2 scrolls of magic mapping {unknown}
 n - 2 scrolls of enchant armour {unknown}
 q - a scroll of fog {unknown}
 w - 2 scrolls of blinking {unknown}
 y - a scroll of random uselessness {unknown}
 A - a scroll of noise {unknown}
 B - a scroll of immolation {unknown}
Potions
 j - a potion of might
 l - a potion of haste
 m - a potion of brilliance
 z - a potion of lignification
Books
 b - a book of Conjurations

   Spells                             Type                      Level
   a - Magic Dart                     Conjuration                  1
   b - Searing Ray                    Conjuration                  2
   c - Dazzling Spray                 Conjuration/Hexes            3
   d - Fulminant Prism                Conjuration/Hexes            4
   e - Iskenderun's Mystic Blast      Conjuration                  4
   f - Iskenderun's Battlesphere      Conjuration/Charms           5
 k - a book of Clouds

   Spells                             Type                      Level
   a - Mephitic Cloud                 Conjuration/Poison/Air       3
   b - Conjure Flame                  Conjuration/Fire             3
   c - Poisonous Cloud                Conjuration/Poison/Air       6
   d - Freezing Cloud                 Conjuration/Ice/Air          6
   e - Ring of Flames                 Charms/Fire                  7
Comestibles
 c - 3 bread rations
 o - 5 fruits
 r - 2 meat rations
 s - a beef jerky


   Skills:
 - Level 2.4 Dodging
 - Level 2.4 Stealth
 + Level 6.6 Spellcasting
 - Level 9.1 Conjurations


You had 4 spell levels left.
You knew the following spells:

 Your Spells              Type           Power        Failure   Level  Hunger
a - Magic Dart            Conj           ####         1%          1    None
b - Searing Ray           Conj           ######       2%          2    None
c - Iskenderun's Mystic   Conj           ######..     5%          4    ###....
d - Iskenderun's Battles  Conj/Chrm      #####...     54%         5    #####..
e - Conjure Flame         Conj/Fire      #####...     11%         3    #......


Dungeon Overview and Level Annotations

Branches:
Dungeon (5/15)
 Temple: D:4-7

Altars:
Nemelex Xobeh
Qazlal


Innate Abilities, Weirdness & Mutations

You tend to lose your temper in combat.
You possess an exceptional clarity of mind.
Your spells are a little harder to cast, but a little more powerful.


Message History

* * * LOW HITPOINT WARNING * * *
You feel sick.
Drink which item? (? for menu, Esc to quit)
Okay, then.
You are feeling hungry.
* * * LOW HITPOINT WARNING * * *
You feel sick.
Drink which item? (? for menu, Esc to quit)
You are stuck in your current form!
Drink which item? (? for menu, Esc to quit)
Okay, then.
* * * LOW HITPOINT WARNING * * *
You feel sick.
* * * LOW HITPOINT WARNING * * *
You feel sick.
Unknown command.
Read which item? (? for menu, Esc to quit)
As you read the scroll labeled WOUSTR HEIH, it crumbles to dust.
You feel blessed for a moment.
It was a scroll of remove curse.
You die...

#.# ###.##. #.# #.# #.#.. #.#
#.# #.##. #.# #.# #.##.
##.#####.####### #.##. #
........(....... ..##.
###.#####.#####.############.
..........#####..............
....†......)♣)...............
....).....##################.
###.####### #. # #. #######.
........ #######. #. ##


There were no monsters in sight!

Vanquished Creatures
  Edmund (D:5)
  A phantom (D:4)
  An ogre (D:4)
  2 ice beasts
  An orc priest (D:5)
  A jelly (D:5)
  A giant frog skeleton (D:4)
  A hound (D:4)
  An orc wizard (D:5)
  A worker ant (D:4)
  7 adders
  An ooze (D:1)
  An adder skeleton (D:5)
  A worm (D:3)
  3 giant geckos
  7 orcs
  12 goblins
  9 hobgoblins
  5 quokkas
  2 ball pythons
  8 bats
  5 giant cockroaches
  5 giant newts
  9 kobolds
  A quokka skeleton (D:4)
  12 rats
99 creatures vanquished.

Notes
Turn   | Place    | Note
--------------------------------------------------------------
     0 | D:1      | Monkaria the Deep Elf Conjurer began the quest for the Orb.
     0 | D:1      | Reached XP level 1. HP: 10/10 MP: 6/6
   166 | D:1      | Reached XP level 2. HP: 15/15 MP: 5/8
   206 | D:1      | Reached skill level 5 in Conjurations
   696 | D:2      | Learned a level 2 spell: Searing Ray
   762 | D:2      | Reached XP level 3. HP: 19/19 MP: 7/9
  1109 | D:2      | Reached skill level 6 in Conjurations
  1334 | D:2      | Reached XP level 4. HP: 24/24 MP: 4/10
  1363 | D:2      | Found a stormy altar of Qazlal.
  2014 | D:3      | Noticed an ice beast
  2021 | D:3      | Learned a level 4 spell: Iskenderun's Mystic Blast
  2135 | D:3      | Killed an ice beast
  2135 | D:3      | Reached skill level 7 in Conjurations
  2135 | D:3      | Reached XP level 5. HP: 7/28 MP: 2/11
  2579 | D:3      | Found a sparkling altar of Nemelex Xobeh.
  2980 | D:3      | You fall through a shaft!
  2980 | D:4      | Noticed a phantom
  3019 | D:4      | Killed a phantom
  3019 | D:4      | Reached skill level 8 in Conjurations
  3019 | D:4      | Reached XP level 6. HP: 18/32 MP: 0/12
  3300 | D:4      | Noticed an ogre
  3311 | D:4      | Killed an ogre
  3311 | D:4      | Reached skill level 9 in Conjurations
  3628 | D:3      | You fall through a shaft!
  3694 | D:3      | You fall through a shaft!
  3694 | D:5      | Entered Level 5 of the Dungeon
  3708 | D:5      | Reached XP level 7. HP: 36/36 MP: 8/14
  3722 | D:5      | Noticed Edmund
  3735 | D:5      | Killed Edmund
  4142 | D:5      | Reached skill level 5 in Spellcasting
  4150 | D:5      | Learned a level 5 spell: Iskenderun's Battlesphere
  4154 | D:5      | Learned a level 3 spell: Conjure Flame
  4178 | D:5      | Gained mutation: You possess an exceptional clarity of mind. [potion of mutation]
  4178 | D:5      | Gained mutation: Your spells are a little harder to cast, but a little more powerful. [potion of mutation]
  4178 | D:5      | Gained mutation: You tend to lose your temper in combat. [potion of mutation]
  4188 | D:5      | HP: 2/54 [poisoned by an orc wizard]
  4190 | D:5      | Succumbed to an orc wizard's poison

Vault maps used:
D:1:      shiori_arrival_elements
D:2:      wad_crossroads, nicolae_qazlal_general_emergency,
          minmay_misc_feat_rows, minmay_misc_feat_alley
D:3:      nemelex_spade_bored_becter
D:4:      first_bread
D:5:      lemuel_round_altar, uniq_edmund

Action                   |  1- 3 |  4- 6 |  7- 9 || total
-------------------------+-------+-------+-------++-------
Melee: Unarmed           |     6 |     2 |     2 ||    10
 Cast: Magic Dart        |    77 |    71 |     7 ||   155
       Searing Ray       |       |    10 |     5 ||    15
       Iskenderun's Myst |       |       |     2 ||     2
Evoke: Wand              |       |       |     3 ||     3
  Use: Potion            |       |     5 |     4 ||     9
       Scroll            |       |       |     1 ||     1
  Eat: Chunk             |     1 |     7 |     2 ||    10
